WCHLSIM.com - West Coast Hockey League
html PUBLIC "-//W3C//DTD XHTML 1.0 Transitional//EN" "http://www.w3.org/TR/xhtml1/DTD/xhtml1-transitional.dtd"> WCHL - Game 857 - BOISE CARIBOUS vs SACRAMENTO BANDITS

BOISE CARIBOUS vs SACRAMENTO BANDITS

Created - 18 février 2020 at 17:35

Goals
1 2 3 T
BOISE CARIBOUS 2 1 1 4
SACRAMENTO BANDITS 2 1 2 5
Shots
1 2 3 T
BOISE CARIBOUS 12 12 9 33
SACRAMENTO BANDITS 14 12 13 39

1st period

1. SACRAMENTO BANDITS , Scott Laughton 6 (Drake Caggiula 4, John Carlson 34) at 8:43
2. BOISE CARIBOUS , Melker Karlsson 8 (Lawson Crouse 14, Kyle Turris 19) at 8:57
3. SACRAMENTO BANDITS , Jonathan Huberdeau 26 (Aleksander Barkov 28) at 16:51
4. BOISE CARIBOUS , Andre Burakovsky 4 (Radek Faksa 17, Greg Pateryn 10) at 18:42

Penalties :
Will Butcher (BOI) for Boarding (Minor) at 1:19, Tom Wilson (BOI) for Holding (Minor) at 6:02, Radek Faksa (BOI) for Hooking (Minor) at 6:14, Kevin Connauton (SAC) for Checking from behind (Minor) at 14:28

2nd period

5. SACRAMENTO BANDITS , Jamie Benn 12 (Nick Schmaltz 23, Claude Giroux 48) at 11:44
6. BOISE CARIBOUS , Andre Burakovsky 5 (Tom Wilson 17, Lawson Crouse 15) at 13:35 (PP)

Penalties :
Will Butcher (BOI) for Roughing (Minor) at 7:15, Jordan Martinook (SAC) for Hooking (Minor) at 12:58, Jamie Benn (SAC) for Goalie Interference (Minor) at 15:03

3rd period

7. SACRAMENTO BANDITS , Claude Giroux 36 (Jamie Benn 27) at 3:57
8. SACRAMENTO BANDITS , Aleksander Barkov 32 (John Carlson 35, Jonathan Huberdeau 46) at 8:18 (PP)
9. BOISE CARIBOUS , Melker Karlsson 9 (Lawson Crouse 16, Kyle Turris 20) at 8:35

Penalties :
Jarred Tinordi (BOI) for Holding (Minor) at 7:40, Greg Pateryn (BOI) for Hooking (Minor) at 12:43, Mattias Ekholm (SAC) for Hooking (Minor) at 18:52

Goalie Stats

Alex Stalock (BOI), 34 saves from 39 shots - (0,872), L, 2-12-1, 58:58 minutes
Andrei Vasilevskiy (SAC), 29 saves from 33 shots - (0,879), W, 33-16-5, 60:00 minutes

Players Stats for BOISE CARIBOUS

Player Name              G  A  P  +/- PIM S  H  SB GA TA FO     MP     PP MP  PK MP  
------------------------------------------------------------------------------------
Andre Burakovsky         2  0  2   0  0   4  0  0  0  0  0/0    13:36   3:41   0:00 
Greg Pateryn             0  1  1   0  2   0  2  1  0  0  0/0    20:26   0:00   4:05 
Jarred Tinordi           0  0  0   0  2   0  2  0  0  0  0/0    22:08   2:01   4:25 
Jesperi Kotkaniemi       0  0  0   0  0   6  0  1  0  0  10/24  16:29   2:01   2:54 
Kyle Brodziak            0  0  0   0  0   2  2  0  0  0  1/1    11:34   0:00   0:00 
Kyle Turris              0  2  2   1  0   1  0  0  0  0  11/18  15:07   3:41   0:00 
Lawson Crouse            0  3  3   1  0   2  3  0  0  0  0/0    15:01   3:20   0:00 
Mario Kempe              0  0  0   0  0   4  0  0  0  0  2/2    14:30   2:22   0:34 
Melker Karlsson          2  0  2   1  0   4  0  0  0  0  0/3    15:58   1:38   2:36 
Mike Reilly              0  0  0  -1  0   0  0  2  0  0  0/0    15:15   0:00   1:48 
Nick Leddy               0  0  0   0  0   0  0  0  0  0  0/0    20:19   0:00   4:36 
Radek Faksa              0  1  1   0  2   2  1  1  0  0  12/24  15:29   0:00   4:04 
T.J. Tynan               0  0  0  -2  0   2  0  0  0  0  8/19   13:08   2:01   0:00 
Tobias Rieder            0  0  0   0  0   1  1  1  0  0  0/3    17:01   0:00   5:36 
Tom Wilson               0  1  1  -2  2   4  1  1  0  0  0/0    16:07   4:04   0:00 
Will Butcher             0  0  0   0  4   1  1  0  0  0  0/0    20:01   3:41   0:00 
Will O'Neill             0  0  0  -1  0   0  5  0  0  0  0/0    15:30   0:00   2:03 
Zach Redmond             0  0  0  -2  0   0  2  0  0  0  0/0    11:42   0:00   0:35 

Players Stats for SACRAMENTO BANDITS

Player Name              G  A  P  +/- PIM S  H  SB GA TA FO     MP     PP MP  PK MP  
------------------------------------------------------------------------------------
Aaron Ekblad             0  0  0  -1  0   3  1  0  0  0  0/0    23:57   3:43   3:57 
Aleksander Barkov        1  1  2   1  0   8  1  0  0  0  17/31  22:40   4:20   0:45 
Antoine Roussel          0  0  0   0  0   1  0  0  0  0  0/1     5:14   0:01   0:45 
Claude Giroux            1  1  2   1  0   4  1  0  0  0  22/31  19:00   4:26   0:00 
Clayton Keller           0  0  0  -1  0   0  0  0  0  0  0/0    13:28   4:26   0:07 
Drake Caggiula           0  1  1   0  0   0  0  0  0  0  0/0     4:35   0:00   0:07 
Ivan Provorov            0  0  0   2  0   1  1  1  0  0  0/0    22:58   0:38   2:42 
Jakub Voracek            0  0  0   1  0   2  1  0  0  0  1/2    21:55   4:20   0:00 
Jamie Benn               1  1  2   1  2   4  0  0  0  0  0/0    16:55   0:00   2:22 
John Carlson             0  2  2   2  0   5  0  0  0  0  0/0    24:46   5:03   0:05 
Jonathan Huberdeau       1  1  2   1  0   3  0  0  0  0  0/0    23:31   5:56   0:00 
Jordan Martinook         0  0  0  -1  2   1  2  0  0  0  6/19   11:15   0:00   2:21 
Jujhar Khaira            0  0  0  -1  0   0  2  0  0  0  0/1     8:55   0:00   0:00 
Kevin Connauton          0  0  0   0  2   1  0  0  0  0  0/0     9:41   0:00   0:05 
Mattias Ekholm           0  0  0  -1  2   1  0  1  0  0  0/0    22:27   4:25   1:46 
Nick Schmaltz            0  1  1   1  0   3  1  0  0  0  2/5    20:59   2:49   3:36 
Scott Laughton           1  0  1   0  0   2  0  0  0  0  2/4     5:49   0:00   1:21 
Vince Dunn               0  0  0   0  0   0  0  0  0  0  0/0    16:09   3:43   2:49 

3 Stars

1 - Melker Karlsson (BOI)
2 - Lawson Crouse (BOI)
3 - Aleksander Barkov (SAC)

Power Play

BOISE CARIBOUS - 1 on 4 Attempt(s) - 25,00%
SACRAMENTO BANDITS - 1 on 6 Attempt(s) - 16,67%

Penalty Kill

BOISE CARIBOUS - 5 on 6 Attempt(s) - 83,33% - Score 0 goal in Penalty Kill
SACRAMENTO BANDITS - 3 on 4 Attempt(s) - 75,00% - Score 0 goal in Penalty Kill

Team Stat

BOISE CARIBOUS - Hits : 20 - Faceoff Wins : 44 - Blocked Shots : 7 - Penalty Minutes : 12
SACRAMENTO BANDITS - Hits : 10 - Faceoff Wins : 50 - Blocked Shots : 2 - Penalty Minutes : 8

Official

Referees : Ian Walsh and Kelly Sutherland
Linesman : Ben Shiley and Andrew Norris

Game Notes

No Game Note

Finance

Level 1 -- Attendance: 6205 (100,00%) -- Ticket Income 775 625 $
Level 2 -- Attendance: 5280 (100,00%) -- Ticket Income 422 400 $
Level 3 -- Attendance: 2135 (100,00%) -- Ticket Income 113 155 $
Level 4 -- Attendance: 4280 (100,00%) -- Ticket Income 158 360 $
Luxury Box -- Attendance: 1010 (100,00%) -- Ticket Income 252 500 $
Game was played at the Sacramento Center Palace.
Total Attendance: 18910 (100,00%)
Total Ticket Income: 1 722 040 $
Other Income: 516 612 $
Total Income: 2 238 652 $

BOISE CARIBOUS

5 vs 5 Forward 
   Center                   Left Wing                Right Wing               Time % Phy DF OF 
 1 Radek Faksa              Tobias Rieder            Andre Burakovsky         26     1   4  0  
 2 Jesperi Kotkaniemi       Kyle Brodziak            Mario Kempe              25     1   4  0  
 3 Kyle Turris              Lawson Crouse            Melker Karlsson          25     3   1  1  
 4 T.J. Tynan               Zach Redmond             Tom Wilson               24     5   0  0  

5 vs 5 Defense 
   Defense                  Defense                                           Time % Phy DF OF 
 1 Nick Leddy               Jarred Tinordi                                    34     1   2  2  
 2 Will Butcher             Greg Pateryn                                      33     1   2  2  
 3 Mike Reilly              Will O'Neill                                      26     1   3  1  
 4 Will O'Neill             Mike Reilly                                       7      0   5  0  

PowerPlay Forward 
   Center                   Left Wing                Right Wing               Time % Phy DF OF 
 1 Kyle Turris              Andre Burakovsky         Tom Wilson               55     0   2  3  
 2 Jesperi Kotkaniemi       T.J. Tynan               Andre Burakovsky         45     1   2  2  

PowerPlay Defense
   Defense                  Defense                                           Time % Phy DF OF 
 1 Will Butcher             Mario Kempe                                       55     1   1  3  
 2 Lawson Crouse            Will Butcher                                      45     1   2  2  

Penalty Kill 4 Players Forward 
   Center                   Wing                     Time % Phy DF OF 
 1 Radek Faksa              Tobias Rieder            60     1   3  1  
 2 Jesperi Kotkaniemi       Melker Karlsson          40     1   3  1  

Penalty Kill 4 Players Defense
   Defense                  Defense                  Time % Phy DF OF 
 1 Nick Leddy               Greg Pateryn             51     1   3  1  
 2 Will O'Neill             Jarred Tinordi           49     1   4  0  

Penalty Kill - 3 Players Forward 
   Forward                                           Time % Phy DF OF 
 1 Tobias Rieder                                     55     1   4  0  
 2 Mario Kempe                                       45     1   4  0  

Penalty Kill - 3 Players Defense
   Defense                  Defense                  Time % Phy DF OF 
 1 Jarred Tinordi           Mike Reilly              55     1   4  0  
 2 Greg Pateryn             Will O'Neill             45     2   3  0  

4 vs 4 Forward 
   Center                   Wing                     Time % Phy DF OF 
 1 Kyle Turris              T.J. Tynan               55     1   2  2  
 2 Radek Faksa              Kyle Brodziak            45     1   2  2  

4 vs 4 Defense
   Defense                  Defense                  Time % Phy DF OF 
 1 Mike Reilly              Will O'Neill             55     1   2  2  
 2 Will Butcher             Greg Pateryn             45     1   2  2  

Last Minutes Offensive
   Center                   Left Wing                Right Wing               Defense                  Defense                  
   Kyle Turris              Zach Redmond             T.J. Tynan               Will Butcher             Nick Leddy               

Last Minutes Defensive
   Center                   Left Wing                Right Wing               Defense                  Defense                  
   Radek Faksa              Tobias Rieder            Melker Karlsson          Jarred Tinordi           Greg Pateryn             

Goaltenders
Starting : Alex Stalock             
Backup : Casey DeSmith            

Extra Forwards
Normal : Tom Wilson, Melker Karlsson, Lawson Crouse - PP : Kyle Turris, Lawson Crouse - PK : Melker Karlsson
Extra Defensemen
Normal : Will O'Neill, Jarred Tinordi, Will Butcher - PP : Jarred Tinordi - PK : Nick Leddy, Jarred Tinordi
Penalty Shots
Zach Redmond, Jesperi Kotkaniemi, Radek Faksa, Kyle Brodziak, Kyle Turris
Custom OT Lines Forwards
T.J. Tynan, Kyle Brodziak, Radek Faksa, Zach Redmond, Kyle Turris, Jesperi Kotkaniemi, Tom Wilson, Tobias Rieder, Melker Karlsson, Lawson Crouse
Custom OT Lines Defensemen
Will Butcher, Mike Reilly, Greg Pateryn, Nick Leddy, Will O'Neill

Scratches
Darren Helm (Right Leg Injury), Gabriel Vilardi (Healthy), Brendan Smith (Right Ankle Injury), Thomas Vanek (Bruised Right Leg Injury), Macoy Erkamps (Healthy)
Seth Griffith (Healthy), Alexandar Georgiev (Healthy), Michal Neuvirth (Healthy), Joel Hofer (Healthy), Kaden Fulcher (Healthy)

SACRAMENTO BANDITS

5 vs 5 Forward 
   Center                   Left Wing                Right Wing               Time % Phy DF OF 
 1 Aleksander Barkov        Jonathan Huberdeau       Jakub Voracek            38     0   1  4  
 2 Claude Giroux            Jamie Benn               Nick Schmaltz            32     0   1  4  
 3 Jordan Martinook         Jujhar Khaira            Clayton Keller           20     0   3  2  
 4 Scott Laughton           Antoine Roussel          Drake Caggiula           10     0   3  2  

5 vs 5 Defense 
   Defense                  Defense                                           Time % Phy DF OF 
 1 John Carlson             Ivan Provorov                                     43     0   1  4  
 2 Aaron Ekblad             Mattias Ekholm                                    37     0   2  3  
 3 Vince Dunn               Kevin Connauton                                   20     1   4  0  
 4 Aaron Ekblad             Mattias Ekholm                                    0      1   2  2  

PowerPlay Forward 
   Center                   Left Wing                Right Wing               Time % Phy DF OF 
 1 Aleksander Barkov        Jonathan Huberdeau       Jakub Voracek            62     0   0  5  
 2 Claude Giroux            Jonathan Huberdeau       Clayton Keller           38     0   0  5  

PowerPlay Defense
   Defense                  Defense                                           Time % Phy DF OF 
 1 John Carlson             Mattias Ekholm                                    57     0   0  5  
 2 Aaron Ekblad             Vince Dunn                                        43     0   0  5  

Penalty Kill 4 Players Forward 
   Center                   Wing                     Time % Phy DF OF 
 1 Jordan Martinook         Jamie Benn               55     0   5  0  
 2 Nick Schmaltz            Scott Laughton           45     0   5  0  

Penalty Kill 4 Players Defense
   Defense                  Defense                  Time % Phy DF OF 
 1 Mattias Ekholm           Ivan Provorov            55     0   5  0  
 2 Aaron Ekblad             Vince Dunn               45     0   5  0  

Penalty Kill - 3 Players Forward 
   Forward                                           Time % Phy DF OF 
 1 Jordan Martinook                                  55     0   5  0  
 2 Nick Schmaltz                                     45     0   5  0  

Penalty Kill - 3 Players Defense
   Defense                  Defense                  Time % Phy DF OF 
 1 Ivan Provorov            Kevin Connauton          55     0   5  0  
 2 Aaron Ekblad             Mattias Ekholm           45     0   5  0  

4 vs 4 Forward 
   Center                   Wing                     Time % Phy DF OF 
 1 Jordan Martinook         Clayton Keller           55     0   2  3  
 2 Nick Schmaltz            Jamie Benn               45     0   2  3  

4 vs 4 Defense
   Defense                  Defense                  Time % Phy DF OF 
 1 Kevin Connauton          Vince Dunn               55     0   2  3  
 2 Ivan Provorov            Mattias Ekholm           45     0   2  3  

Last Minutes Offensive
   Center                   Left Wing                Right Wing               Defense                  Defense                  
   Aleksander Barkov        Jonathan Huberdeau       Jakub Voracek            John Carlson             Aaron Ekblad             

Last Minutes Defensive
   Center                   Left Wing                Right Wing               Defense                  Defense                  
   Claude Giroux            Nick Schmaltz            Jamie Benn               John Carlson             Aaron Ekblad             

Goaltenders
Starting : Andrei Vasilevskiy       
Backup : Ryan Miller              

Extra Forwards
Normal : Aleksander Barkov, Claude Giroux, Jakub Voracek - PP : Nick Schmaltz, Aleksander Barkov - PK : Jamie Benn
Extra Defensemen
Normal : Aaron Ekblad, John Carlson, Mattias Ekholm - PP : John Carlson - PK : Aaron Ekblad, Mattias Ekholm
Penalty Shots
Aleksander Barkov, Jonathan Huberdeau, Claude Giroux, Jakub Voracek, Jamie Benn
Custom OT Lines Forwards
Claude Giroux, Jonathan Huberdeau, Jakub Voracek, Aleksander Barkov, Jamie Benn, Scott Laughton, Antoine Roussel, Jujhar Khaira, Clayton Keller, Jordan Martinook
Custom OT Lines Defensemen
John Carlson, Aaron Ekblad, Vince Dunn, Mattias Ekholm, Kevin Connauton

Scratches
Carl Gunnarsson (Healthy)

% Time on Ice - BOISE CARIBOUS

Lines # - Real PCT - Wanted PCT - Time Play
Normal Forward
1 - 25% - 26% - 11:25
2 - 25% - 25% - 11:34
3 - 25% - 25% - 11:26
4 - 24% - 24% - 11:07
Normal Defense
1 - 35% - 34% - 15:43
2 - 36% - 33% - 16:22
3 - 27% - 26% - 12:21
4 - 2% - 7% - 1:06
PP Forward
1 - 65% - 55% - 3:41
2 - 35% - 45% - 2:01
PP Defense
1 - 42% - 55% - 2:22
2 - 58% - 45% - 3:20
PK Forward
1 - 69% - 60% - 4:48
2 - 31% - 40% - 2:11
PK Defense
1 - 79% - 51% - 5:30
2 - 21% - 49% - 1:29
PK3 Forward
1 - 68% - 55% - 1:13
2 - 32% - 45% - 0:34
PK3 Defense
1 - 68% - 55% - 1:13
2 - 32% - 45% - 0:34
44 Forward
1 - 0% - 55%
2 - 0% - 45%
44 Defense
1 - 0% - 55%
2 - 0% - 45%
Last Minute Offensive  - 0:00
Last Minute Defensive  - 0:00
Total
Forward - 60:00
Defense - 60:00

% Time on Ice - SACRAMENTO BANDITS

Lines # - Real PCT - Wanted PCT - Time Play
Normal Forward
1 - 39% - 38% - 17:35
2 - 32% - 32% - 14:34
3 - 20% - 20% - 8:55
4 - 10% - 10% - 4:28
Normal Defense
1 - 43% - 43% - 19:38
2 - 36% - 37% - 16:17
3 - 21% - 20% - 9:37
4 - 0% - 0% - 0:00
PP Forward
1 - 49% - 62% - 4:20
2 - 51% - 38% - 4:26
PP Defense
1 - 58% - 57% - 5:03
2 - 42% - 43% - 3:43
PK Forward
1 - 76% - 55% - 4:21
2 - 24% - 45% - 1:21
PK Defense
1 - 51% - 55% - 2:53
2 - 49% - 45% - 2:49
PK3 Forward
1 - 0% - 55%
2 - 0% - 45%
PK3 Defense
1 - 0% - 55%
2 - 0% - 45%
44 Forward
1 - 0% - 55%
2 - 0% - 45%
44 Defense
1 - 0% - 55%
2 - 0% - 45%
Last Minute Offensive  - 0:00
Last Minute Defensive  - 0:00
Total
Forward - 60:00
Defense - 60:00

Play-by-Play

1st period


0:01 of 1st period - Aleksander Barkov wins face-off versus Radek Faksa in neutral zone.
0:03 of 1st period - Off-side.
0:04 of 1st period - Claude Giroux wins face-off versus Jesperi Kotkaniemi in neutral zone.
0:13 of 1st period - Shot by Jesperi Kotkaniemi.
0:13 of 1st period - Stopped by Andrei Vasilevskiy without a rebound.
0:14 of 1st period - Jordan Martinook wins face-off versus Kyle Turris in SACRAMENTO BANDITS zone.
0:18 of 1st period - Off-side.
0:19 of 1st period - Aleksander Barkov wins face-off versus T.J. Tynan in neutral zone.
1:07 of 1st period - Shot by Jonathan Huberdeau.
1:07 of 1st period - Shot Misses the Net.
1:09 of 1st period - Shot by Ivan Provorov.
1:09 of 1st period - Stopped by Alex Stalock without a rebound.
1:10 of 1st period - Claude Giroux wins face-off versus Radek Faksa in BOISE CARIBOUS zone.
1:10 of 1st period - Claude Giroux is hit by Will O'Neill.
1:12 of 1st period - Shot by Nick Schmaltz.
1:12 of 1st period - Shot Blocked by Tobias Rieder.
1:14 of 1st period - Shot by Aaron Ekblad.
1:14 of 1st period - Stopped by Alex Stalock without a rebound.
1:15 of 1st period - Jordan Martinook wins face-off versus Kyle Turris in BOISE CARIBOUS zone.
1:19 of 1st period - Minor Penalty to Will Butcher for Boarding.
1:20 of 1st period - Claude Giroux wins face-off versus Radek Faksa in BOISE CARIBOUS zone.
2:25 of 1st period - Shot by Melker Karlsson.
2:25 of 1st period - Stopped by Andrei Vasilevskiy without a rebound.
2:26 of 1st period - Radek Faksa wins face-off versus Aleksander Barkov in SACRAMENTO BANDITS zone.
2:55 of 1st period - Shot by John Carlson.
2:55 of 1st period - Stopped by Alex Stalock without a rebound.
2:56 of 1st period - Aleksander Barkov wins face-off versus Jesperi Kotkaniemi in BOISE CARIBOUS zone.
3:25 of 1st period - Shot by Antoine Roussel.
3:25 of 1st period - Stopped by Alex Stalock without a rebound.
3:26 of 1st period - Claude Giroux wins face-off versus T.J. Tynan in BOISE CARIBOUS zone.
5:26 of 1st period - Shot by Andre Burakovsky.
5:26 of 1st period - Stopped by Andrei Vasilevskiy with a rebound.
5:33 of 1st period - Off-side.
5:34 of 1st period - Kyle Turris wins face-off versus Jordan Martinook in neutral zone.
5:49 of 1st period - John Carlson is hit by Lawson Crouse and loses puck.
5:53 of 1st period - Icing by John Carlson.
5:54 of 1st period - T.J. Tynan wins face-off versus Jordan Martinook in SACRAMENTO BANDITS zone.
6:02 of 1st period - Minor Penalty to Tom Wilson for Holding.
6:03 of 1st period - Radek Faksa wins face-off versus Aleksander Barkov in BOISE CARIBOUS zone.
6:03 of 1st period - Radek Faksa is hit by Jakub Voracek.
6:14 of 1st period - Minor Penalty to Radek Faksa for Hooking.
6:15 of 1st period - Aleksander Barkov wins face-off versus Tobias Rieder in BOISE CARIBOUS zone.
6:36 of 1st period - Shot by Aleksander Barkov.
6:36 of 1st period - Stopped by Alex Stalock without a rebound.
6:37 of 1st period - Mario Kempe wins face-off versus Claude Giroux in BOISE CARIBOUS zone.
7:08 of 1st period - Shot by Aaron Ekblad.
7:08 of 1st period - Stopped by Alex Stalock without a rebound.
7:09 of 1st period - Aleksander Barkov wins face-off versus Tobias Rieder in BOISE CARIBOUS zone.
7:18 of 1st period - Shot by John Carlson.
7:18 of 1st period - Stopped by Alex Stalock with a rebound.
7:20 of 1st period - Shot by Jonathan Huberdeau.
7:20 of 1st period - Shot Misses the Net.
7:22 of 1st period - Shot by Mattias Ekholm.
7:22 of 1st period - Stopped by Alex Stalock with a rebound.
7:24 of 1st period - Shot by Aleksander Barkov.
7:24 of 1st period - Shot Misses the Net.
7:26 of 1st period - Shot by John Carlson.
7:26 of 1st period - Shot Blocked by Mike Reilly.
7:49 of 1st period - Shot by Mattias Ekholm.
7:49 of 1st period - Shot Blocked by Mike Reilly.
7:51 of 1st period - Shot by Aleksander Barkov.
7:51 of 1st period - Shot Misses the Net.
8:41 of 1st period - Shot by Drake Caggiula.
8:41 of 1st period - Deflect By Scott Laughton.
8:41 of 1st period - Shot Blocked by Greg Pateryn.
8:43 of 1st period - Shot by Scott Laughton.
8:43 of 1st period - Goal by Scott Laughton - BOISE CARIBOUS : 0 - SACRAMENTO BANDITS : 1.
8:44 of 1st period - Kyle Turris wins face-off versus Jordan Martinook in neutral zone.
8:57 of 1st period - Shot by Melker Karlsson.
8:57 of 1st period - Goal by Melker Karlsson - BOISE CARIBOUS : 1 - SACRAMENTO BANDITS : 1.
8:58 of 1st period - Claude Giroux wins face-off versus Jesperi Kotkaniemi in neutral zone.
9:20 of 1st period - Shot by Claude Giroux.
9:20 of 1st period - Shot Misses the Net.
9:24 of 1st period - Shot by Claude Giroux.
9:24 of 1st period - Stopped by Alex Stalock without a rebound.
9:25 of 1st period - Aleksander Barkov wins face-off versus Kyle Turris in BOISE CARIBOUS zone.
9:38 of 1st period - Shot by Jonathan Huberdeau.
9:38 of 1st period - Deflect By Jakub Voracek.
9:38 of 1st period - Stopped by Alex Stalock with a rebound.
9:40 of 1st period - Shot by Aleksander Barkov.
9:40 of 1st period - Shot Misses the Net.
9:52 of 1st period - Shot by Jonathan Huberdeau.
9:52 of 1st period - Stopped by Alex Stalock without a rebound.
9:53 of 1st period - Radek Faksa wins face-off versus Jordan Martinook in BOISE CARIBOUS zone.
9:53 of 1st period - Radek Faksa is hit by Jordan Martinook.
10:07 of 1st period - Shot by Radek Faksa.
10:07 of 1st period - Shot Misses the Net.
10:48 of 1st period - Kyle Brodziak is hit by Aaron Ekblad and loses puck.
10:53 of 1st period - Shot by Kyle Brodziak.
10:53 of 1st period - Deflect By Jesperi Kotkaniemi.
10:53 of 1st period - Shot Misses the Net.
10:55 of 1st period - Shot by Kyle Brodziak.
10:55 of 1st period - Stopped by Andrei Vasilevskiy without a rebound.
10:56 of 1st period - Kyle Turris wins face-off versus Claude Giroux in SACRAMENTO BANDITS zone.
11:01 of 1st period - Shot by Melker Karlsson.
11:01 of 1st period - Stopped by Andrei Vasilevskiy without a rebound.
11:02 of 1st period - Aleksander Barkov wins face-off versus Melker Karlsson in SACRAMENTO BANDITS zone.
12:03 of 1st period - Icing by Kyle Turris.
12:04 of 1st period - Claude Giroux wins face-off versus Kyle Turris in BOISE CARIBOUS zone.
12:45 of 1st period - Shot by Claude Giroux.
12:45 of 1st period - Deflect By Jamie Benn.
12:45 of 1st period - Shot Misses the Net.
13:10 of 1st period - Off-side.
13:11 of 1st period - Jesperi Kotkaniemi wins face-off versus Aleksander Barkov in neutral zone.
14:00 of 1st period - Jesperi Kotkaniemi is hit by Aleksander Barkov and loses puck.
14:28 of 1st period - Minor Penalty to Kevin Connauton for Checking from behind.
14:29 of 1st period - Kyle Turris wins face-off versus Jordan Martinook in SACRAMENTO BANDITS zone.
14:40 of 1st period - Shot by Tom Wilson.
14:40 of 1st period - Shot Misses the Net.
14:54 of 1st period - Nick Schmaltz is hit by Tom Wilson and loses puck.
16:23 of 1st period - Shot by Will Butcher.
16:23 of 1st period - Deflect By Tom Wilson.
16:23 of 1st period - Shot Misses the Net.
16:25 of 1st period - Shot by Andre Burakovsky.
16:25 of 1st period - Shot Misses the Net.
16:27 of 1st period - Shot by Tom Wilson.
16:27 of 1st period - Stopped by Andrei Vasilevskiy without a rebound.
16:28 of 1st period - Aleksander Barkov wins face-off versus T.J. Tynan in SACRAMENTO BANDITS zone.
16:51 of 1st period - Shot by Jonathan Huberdeau.
16:51 of 1st period - Goal by Jonathan Huberdeau - BOISE CARIBOUS : 1 - SACRAMENTO BANDITS : 2.
16:52 of 1st period - Jordan Martinook wins face-off versus Radek Faksa in neutral zone.
17:09 of 1st period - Shot by John Carlson.
17:09 of 1st period - Stopped by Alex Stalock without a rebound.
17:10 of 1st period - Jesperi Kotkaniemi wins face-off versus Aleksander Barkov in BOISE CARIBOUS zone.
17:28 of 1st period - Icing by Aaron Ekblad.
17:29 of 1st period - Aleksander Barkov wins face-off versus Kyle Turris in SACRAMENTO BANDITS zone.
18:32 of 1st period - Shot by Radek Faksa.
18:32 of 1st period - Shot Blocked by Ivan Provorov.
18:34 of 1st period - Shot by Radek Faksa.
18:34 of 1st period - Stopped by Andrei Vasilevskiy with a rebound.
18:40 of 1st period - Shot by Radek Faksa.
18:40 of 1st period - Shot Misses the Net.
18:42 of 1st period - Shot by Andre Burakovsky.
18:42 of 1st period - Goal by Andre Burakovsky - BOISE CARIBOUS : 2 - SACRAMENTO BANDITS : 2.
18:43 of 1st period - Scott Laughton wins face-off versus T.J. Tynan in neutral zone.
19:00 of 1st period - Shot by T.J. Tynan.
19:00 of 1st period - Stopped by Andrei Vasilevskiy without a rebound.
19:01 of 1st period - Radek Faksa wins face-off versus Jordan Martinook in SACRAMENTO BANDITS zone.
19:04 of 1st period - Shot by Andre Burakovsky.
19:04 of 1st period - Stopped by Andrei Vasilevskiy without a rebound.
19:05 of 1st period - Claude Giroux wins face-off versus Radek Faksa in SACRAMENTO BANDITS zone.
19:29 of 1st period - Icing by Radek Faksa.
19:30 of 1st period - Radek Faksa wins face-off versus Aleksander Barkov in BOISE CARIBOUS zone.
19:37 of 1st period - Shot by Will Butcher.
19:37 of 1st period - Stopped by Andrei Vasilevskiy with a rebound.
19:45 of 1st period - Shot by Andre Burakovsky.
19:45 of 1st period - Shot Misses the Net.
19:47 of 1st period - Shot by Tobias Rieder.
19:47 of 1st period - Shot Misses the Net.
Goals for this period are 2 for BOISE CARIBOUS vs 2 for SACRAMENTO BANDITS.
Shots for this period are 12 for BOISE CARIBOUS vs 14 for SACRAMENTO BANDITS.

2nd period


0:01 of 2nd period - Claude Giroux wins face-off versus Jesperi Kotkaniemi in neutral zone.
0:03 of 2nd period - Off-side.
0:04 of 2nd period - Claude Giroux wins face-off versus Jesperi Kotkaniemi in neutral zone.
0:25 of 2nd period - Shot by Mario Kempe.
0:25 of 2nd period - Stopped by Andrei Vasilevskiy with a rebound.
0:27 of 2nd period - Shot by Jesperi Kotkaniemi.
0:27 of 2nd period - Stopped by Andrei Vasilevskiy with a rebound.
0:35 of 2nd period - Ivan Provorov is hit by Kyle Brodziak and loses puck.
0:50 of 2nd period - Shot by Claude Giroux.
0:50 of 2nd period - Shot Misses the Net.
0:52 of 2nd period - Shot by Jamie Benn.
0:52 of 2nd period - Stopped by Alex Stalock without a rebound.
0:53 of 2nd period - Aleksander Barkov wins face-off versus T.J. Tynan in BOISE CARIBOUS zone.
0:58 of 2nd period - Shot by Aleksander Barkov.
0:58 of 2nd period - Stopped by Alex Stalock without a rebound.
0:59 of 2nd period - T.J. Tynan wins face-off versus Aleksander Barkov in BOISE CARIBOUS zone.
1:12 of 2nd period - Aaron Ekblad is hit by Zach Redmond and loses puck.
1:40 of 2nd period - Shot by Aleksander Barkov.
1:40 of 2nd period - Shot Misses the Net.
2:01 of 2nd period - T.J. Tynan is hit by Ivan Provorov and loses puck.
2:09 of 2nd period - Icing by John Carlson.
2:10 of 2nd period - Jordan Martinook wins face-off versus Kyle Turris in SACRAMENTO BANDITS zone.
2:21 of 2nd period - Shot by Clayton Keller.
2:21 of 2nd period - Deflect By Jordan Martinook.
2:21 of 2nd period - Stopped by Alex Stalock with a rebound.
2:23 of 2nd period - Shot by Ivan Provorov.
2:23 of 2nd period - Shot Misses the Net.
3:24 of 2nd period - Claude Giroux is hit by Greg Pateryn and loses puck.
4:11 of 2nd period - Shot by Aleksander Barkov.
4:11 of 2nd period - Stopped by Alex Stalock without a rebound.
4:12 of 2nd period - Mario Kempe wins face-off versus Antoine Roussel in BOISE CARIBOUS zone.
4:35 of 2nd period - Icing by Drake Caggiula.
4:36 of 2nd period - Radek Faksa wins face-off versus Scott Laughton in SACRAMENTO BANDITS zone.
5:00 of 2nd period - Shot by Tobias Rieder.
5:00 of 2nd period - Stopped by Andrei Vasilevskiy without a rebound.
5:01 of 2nd period - Kyle Brodziak wins face-off versus Aleksander Barkov in SACRAMENTO BANDITS zone.
5:16 of 2nd period - Shot by Jonathan Huberdeau.
5:16 of 2nd period - Stopped by Alex Stalock without a rebound.
5:17 of 2nd period - Claude Giroux wins face-off versus T.J. Tynan in BOISE CARIBOUS zone.
5:26 of 2nd period - Shot by Claude Giroux.
5:26 of 2nd period - Stopped by Alex Stalock with a rebound.
5:34 of 2nd period - Kevin Connauton is hit by Zach Redmond and loses puck.
7:15 of 2nd period - Minor Penalty to Will Butcher for Roughing.
7:16 of 2nd period - Claude Giroux wins face-off versus Jesperi Kotkaniemi in BOISE CARIBOUS zone.
7:30 of 2nd period - Shot by Aaron Ekblad.
7:30 of 2nd period - Stopped by Alex Stalock without a rebound.
7:31 of 2nd period - Claude Giroux wins face-off versus Radek Faksa in BOISE CARIBOUS zone.
7:48 of 2nd period - Tobias Rieder is hit by Claude Giroux and loses puck.
8:00 of 2nd period - Icing by Mattias Ekholm.
8:01 of 2nd period - Claude Giroux wins face-off versus Jesperi Kotkaniemi in SACRAMENTO BANDITS zone.
9:09 of 2nd period - Shot by Nick Schmaltz.
9:09 of 2nd period - Deflect By Aleksander Barkov.
9:09 of 2nd period - Stopped by Alex Stalock without a rebound.
9:10 of 2nd period - Claude Giroux wins face-off versus Radek Faksa in BOISE CARIBOUS zone.
9:11 of 2nd period - Shot by John Carlson.
9:11 of 2nd period - Stopped by Alex Stalock without a rebound.
9:12 of 2nd period - Claude Giroux wins face-off versus Radek Faksa in BOISE CARIBOUS zone.
9:29 of 2nd period - Shot by John Carlson.
9:29 of 2nd period - Shot Misses the Net.
9:31 of 2nd period - Shot by Scott Laughton.
9:31 of 2nd period - Stopped by Alex Stalock without a rebound.
9:32 of 2nd period - Kyle Turris wins face-off versus Jujhar Khaira in BOISE CARIBOUS zone.
10:32 of 2nd period - Shot by Claude Giroux.
10:32 of 2nd period - Stopped by Alex Stalock without a rebound.
10:33 of 2nd period - Aleksander Barkov wins face-off versus Jesperi Kotkaniemi in BOISE CARIBOUS zone.
11:08 of 2nd period - Shot by Jesperi Kotkaniemi.
11:08 of 2nd period - Stopped by Andrei Vasilevskiy without a rebound.
11:09 of 2nd period - Claude Giroux wins face-off versus Radek Faksa in SACRAMENTO BANDITS zone.
11:17 of 2nd period - Jamie Benn is hit by Will O'Neill.
11:44 of 2nd period - Shot by Jamie Benn.
11:44 of 2nd period - Goal by Jamie Benn - BOISE CARIBOUS : 2 - SACRAMENTO BANDITS : 3.
11:45 of 2nd period - Jakub Voracek wins face-off versus T.J. Tynan in neutral zone.
12:02 of 2nd period - Shot by Tom Wilson.
12:02 of 2nd period - Stopped by Andrei Vasilevskiy without a rebound.
12:03 of 2nd period - Jesperi Kotkaniemi wins face-off versus Jordan Martinook in SACRAMENTO BANDITS zone.
12:54 of 2nd period - Greg Pateryn is hit by Jujhar Khaira and loses puck.
12:58 of 2nd period - Minor Penalty to Jordan Martinook for Hooking.
12:59 of 2nd period - Kyle Turris wins face-off versus Nick Schmaltz in SACRAMENTO BANDITS zone.
13:10 of 2nd period - Shot by Kyle Turris.
13:10 of 2nd period - Stopped by Andrei Vasilevskiy without a rebound.
13:11 of 2nd period - Nick Schmaltz wins face-off versus Kyle Turris in SACRAMENTO BANDITS zone.
13:31 of 2nd period - Shot by Lawson Crouse.
13:31 of 2nd period - Stopped by Andrei Vasilevskiy with a rebound.
13:33 of 2nd period - Shot by Tom Wilson.
13:33 of 2nd period - Stopped by Andrei Vasilevskiy with a rebound.
13:35 of 2nd period - Shot by Andre Burakovsky.
13:35 of 2nd period - Goal by Andre Burakovsky - BOISE CARIBOUS : 3 - SACRAMENTO BANDITS : 3.
13:36 of 2nd period - Jesperi Kotkaniemi wins face-off versus Aleksander Barkov in neutral zone.
13:53 of 2nd period - Shot by Kyle Brodziak.
13:53 of 2nd period - Stopped by Andrei Vasilevskiy without a rebound.
13:54 of 2nd period - Nick Schmaltz wins face-off versus T.J. Tynan in SACRAMENTO BANDITS zone.
13:59 of 2nd period - Mike Reilly is hit by Nick Schmaltz and loses puck.
14:06 of 2nd period - Shot by T.J. Tynan.
14:06 of 2nd period - Stopped by Andrei Vasilevskiy without a rebound.
14:07 of 2nd period - Aleksander Barkov wins face-off versus Jesperi Kotkaniemi in SACRAMENTO BANDITS zone.
15:03 of 2nd period - Minor Penalty to Jamie Benn for Goalie Interference.
15:04 of 2nd period - Kyle Turris wins face-off versus Jordan Martinook in SACRAMENTO BANDITS zone.
15:55 of 2nd period - Nick Schmaltz is hit by Lawson Crouse and loses puck.
17:54 of 2nd period - Aleksander Barkov is hit by Will O'Neill and loses puck.
18:08 of 2nd period - John Carlson is hit by Will O'Neill and loses puck.
19:11 of 2nd period - Shot by Jesperi Kotkaniemi.
19:11 of 2nd period - Stopped by Andrei Vasilevskiy with a rebound.
19:44 of 2nd period - Off-side.
19:45 of 2nd period - Claude Giroux wins face-off versus T.J. Tynan in neutral zone.
Goals for this period are 1 for BOISE CARIBOUS vs 1 for SACRAMENTO BANDITS.
Shots for this period are 12 for BOISE CARIBOUS vs 12 for SACRAMENTO BANDITS.

3rd period


0:01 of 3rd period - Kyle Turris wins face-off versus Claude Giroux in neutral zone.
0:10 of 3rd period - Shot by Kyle Turris.
0:10 of 3rd period - Shot Misses the Net.
0:12 of 3rd period - Shot by Greg Pateryn.
0:12 of 3rd period - Shot Misses the Net.
1:05 of 3rd period - Icing by Tom Wilson.
1:06 of 3rd period - T.J. Tynan wins face-off versus Aleksander Barkov in BOISE CARIBOUS zone.
1:39 of 3rd period - Shot by Jakub Voracek.
1:39 of 3rd period - Shot Misses the Net.
1:45 of 3rd period - Shot by Aleksander Barkov.
1:45 of 3rd period - Stopped by Alex Stalock without a rebound.
1:46 of 3rd period - Jordan Martinook wins face-off versus Jesperi Kotkaniemi in BOISE CARIBOUS zone.
1:46 of 3rd period - Clayton Keller is hit by Will O'Neill.
1:58 of 3rd period - Shot by Jujhar Khaira.
1:58 of 3rd period - Shot Blocked by Jesperi Kotkaniemi.
2:00 of 3rd period - Shot by Kevin Connauton.
2:00 of 3rd period - Stopped by Alex Stalock without a rebound.
2:01 of 3rd period - Scott Laughton wins face-off versus Radek Faksa in BOISE CARIBOUS zone.
2:59 of 3rd period - Shot by Jamie Benn.
2:59 of 3rd period - Stopped by Alex Stalock with a rebound.
3:01 of 3rd period - Shot by Nick Schmaltz.
3:01 of 3rd period - Stopped by Alex Stalock without a rebound.
3:02 of 3rd period - Aleksander Barkov wins face-off versus Melker Karlsson in BOISE CARIBOUS zone.
3:57 of 3rd period - Shot by Claude Giroux.
3:57 of 3rd period - Goal by Claude Giroux - BOISE CARIBOUS : 3 - SACRAMENTO BANDITS : 4.
3:58 of 3rd period - Claude Giroux wins face-off versus Jesperi Kotkaniemi in neutral zone.
4:14 of 3rd period - Icing by Ivan Provorov.
4:15 of 3rd period - T.J. Tynan wins face-off versus Claude Giroux in SACRAMENTO BANDITS zone.
4:41 of 3rd period - Nick Schmaltz is hit by Will Butcher and loses puck.
4:44 of 3rd period - Shot by Jamie Benn.
4:44 of 3rd period - Stopped by Alex Stalock without a rebound.
4:45 of 3rd period - Jesperi Kotkaniemi wins face-off versus Aleksander Barkov in BOISE CARIBOUS zone.
5:04 of 3rd period - Shot by Mario Kempe.
5:04 of 3rd period - Stopped by Andrei Vasilevskiy with a rebound.
5:06 of 3rd period - Shot by Kyle Brodziak.
5:06 of 3rd period - Shot Misses the Net.
5:08 of 3rd period - Shot by Jesperi Kotkaniemi.
5:08 of 3rd period - Deflect By Mario Kempe.
5:08 of 3rd period - Stopped by Andrei Vasilevskiy without a rebound.
5:09 of 3rd period - Jordan Martinook wins face-off versus Radek Faksa in SACRAMENTO BANDITS zone.
5:09 of 3rd period - John Carlson is hit by Tobias Rieder.
5:10 of 3rd period - Icing by John Carlson.
5:11 of 3rd period - T.J. Tynan wins face-off versus Jordan Martinook in SACRAMENTO BANDITS zone.
5:47 of 3rd period - Icing by Tom Wilson.
5:48 of 3rd period - Claude Giroux wins face-off versus T.J. Tynan in BOISE CARIBOUS zone.
5:49 of 3rd period - Shot by Nick Schmaltz.
5:49 of 3rd period - Stopped by Alex Stalock without a rebound.
5:50 of 3rd period - Jesperi Kotkaniemi wins face-off versus Claude Giroux in BOISE CARIBOUS zone.
6:20 of 3rd period - Shot by Mario Kempe.
6:20 of 3rd period - Stopped by Andrei Vasilevskiy with a rebound.
6:22 of 3rd period - Shot by Greg Pateryn.
6:22 of 3rd period - Shot Blocked by Mattias Ekholm.
6:24 of 3rd period - Shot by Jesperi Kotkaniemi.
6:24 of 3rd period - Shot Misses the Net.
6:28 of 3rd period - Shot by Jesperi Kotkaniemi.
6:28 of 3rd period - Shot Misses the Net.
6:38 of 3rd period - Shot by Nick Schmaltz.
6:38 of 3rd period - Stopped by Alex Stalock with a rebound.
7:01 of 3rd period - Shot by Kyle Turris.
7:01 of 3rd period - Shot Misses the Net.
7:26 of 3rd period - Off-side.
7:27 of 3rd period - T.J. Tynan wins face-off versus Aleksander Barkov in neutral zone.
7:40 of 3rd period - Minor Penalty to Jarred Tinordi for Holding.
7:41 of 3rd period - Aleksander Barkov wins face-off versus Tobias Rieder in BOISE CARIBOUS zone.
7:52 of 3rd period - Shot by John Carlson.
7:52 of 3rd period - Shot Misses the Net.
8:14 of 3rd period - Shot by John Carlson.
8:14 of 3rd period - Shot Blocked by Radek Faksa.
8:16 of 3rd period - Shot by John Carlson.
8:16 of 3rd period - Stopped by Alex Stalock with a rebound.
8:18 of 3rd period - Shot by Aleksander Barkov.
8:18 of 3rd period - Goal by Aleksander Barkov - BOISE CARIBOUS : 3 - SACRAMENTO BANDITS : 5.
8:19 of 3rd period - Jesperi Kotkaniemi wins face-off versus Jordan Martinook in neutral zone.
8:19 of 3rd period - Jesperi Kotkaniemi is hit by Jujhar Khaira.
8:23 of 3rd period - Shot by Mario Kempe.
8:23 of 3rd period - Deflect By Jesperi Kotkaniemi.
8:23 of 3rd period - Shot Misses the Net.
8:29 of 3rd period - Shot by Kyle Brodziak.
8:29 of 3rd period - Shot Misses the Net.
8:31 of 3rd period - Shot by Jesperi Kotkaniemi.
8:31 of 3rd period - Stopped by Andrei Vasilevskiy without a rebound.
8:32 of 3rd period - Kyle Turris wins face-off versus Scott Laughton in SACRAMENTO BANDITS zone.
8:33 of 3rd period - Shot by Lawson Crouse.
8:33 of 3rd period - Stopped by Andrei Vasilevskiy with a rebound.
8:35 of 3rd period - Shot by Melker Karlsson.
8:35 of 3rd period - Goal by Melker Karlsson - BOISE CARIBOUS : 4 - SACRAMENTO BANDITS : 5.
8:36 of 3rd period - Kyle Turris wins face-off versus Jakub Voracek in neutral zone.
9:13 of 3rd period - John Carlson is hit by Lawson Crouse.
9:14 of 3rd period - Off-side.
9:15 of 3rd period - Radek Faksa wins face-off versus Claude Giroux in neutral zone.
9:50 of 3rd period - Shot by Radek Faksa.
9:50 of 3rd period - Stopped by Andrei Vasilevskiy without a rebound.
9:51 of 3rd period - Aleksander Barkov wins face-off versus Jesperi Kotkaniemi in SACRAMENTO BANDITS zone.
9:53 of 3rd period - Icing by Jonathan Huberdeau.
9:54 of 3rd period - Aleksander Barkov wins face-off versus Jesperi Kotkaniemi in SACRAMENTO BANDITS zone.
10:00 of 3rd period - Icing by Mario Kempe.
10:01 of 3rd period - Aleksander Barkov wins face-off versus Jesperi Kotkaniemi in BOISE CARIBOUS zone.
10:10 of 3rd period - Shot by Aleksander Barkov.
10:10 of 3rd period - Stopped by Alex Stalock without a rebound.
10:11 of 3rd period - Radek Faksa wins face-off versus Aleksander Barkov in BOISE CARIBOUS zone.
10:13 of 3rd period - Icing by Andre Burakovsky.
10:14 of 3rd period - Radek Faksa wins face-off versus Aleksander Barkov in BOISE CARIBOUS zone.
10:45 of 3rd period - Shot by Jonathan Huberdeau.
10:45 of 3rd period - Deflect By Aleksander Barkov.
10:45 of 3rd period - Stopped by Alex Stalock without a rebound.
10:46 of 3rd period - Claude Giroux wins face-off versus T.J. Tynan in BOISE CARIBOUS zone.
10:52 of 3rd period - Claude Giroux is hit by Jarred Tinordi and loses puck.
10:56 of 3rd period - Icing by Nick Leddy.
10:57 of 3rd period - T.J. Tynan wins face-off versus Jordan Martinook in BOISE CARIBOUS zone.
11:19 of 3rd period - Jordan Martinook is hit by Jarred Tinordi and loses puck.
11:29 of 3rd period - Off-side.
11:30 of 3rd period - Jesperi Kotkaniemi wins face-off versus Aleksander Barkov in neutral zone.
11:33 of 3rd period - Ivan Provorov is hit by Kyle Brodziak and loses puck.
12:06 of 3rd period - Shot by Aleksander Barkov.
12:06 of 3rd period - Shot Misses the Net.
12:12 of 3rd period - Shot by Jonathan Huberdeau.
12:12 of 3rd period - Shot Misses the Net.
12:43 of 3rd period - Minor Penalty to Greg Pateryn for Hooking.
12:44 of 3rd period - Radek Faksa wins face-off versus Claude Giroux in BOISE CARIBOUS zone.
14:05 of 3rd period - Shot by John Carlson.
14:05 of 3rd period - Shot Misses the Net.
14:07 of 3rd period - Shot by Aleksander Barkov.
14:07 of 3rd period - Deflect By Jakub Voracek.
14:07 of 3rd period - Stopped by Alex Stalock without a rebound.
14:08 of 3rd period - Radek Faksa wins face-off versus Claude Giroux in BOISE CARIBOUS zone.
14:27 of 3rd period - Shot by John Carlson.
14:27 of 3rd period - Shot Misses the Net.
14:29 of 3rd period - Shot by Mattias Ekholm.
14:29 of 3rd period - Shot Misses the Net.
14:54 of 3rd period - Antoine Roussel is hit by Greg Pateryn and loses puck.
15:43 of 3rd period - Shot by Jonathan Huberdeau.
15:43 of 3rd period - Deflect By Aleksander Barkov.
15:43 of 3rd period - Shot Blocked by Tom Wilson.
16:25 of 3rd period - Shot by Jesperi Kotkaniemi.
16:25 of 3rd period - Stopped by Andrei Vasilevskiy without a rebound.
16:26 of 3rd period - Claude Giroux wins face-off versus Radek Faksa in SACRAMENTO BANDITS zone.
16:26 of 3rd period - Claude Giroux is hit by Radek Faksa.
16:56 of 3rd period - Icing by John Carlson.
16:57 of 3rd period - Claude Giroux wins face-off versus Melker Karlsson in SACRAMENTO BANDITS zone.
17:43 of 3rd period - Icing by Kevin Connauton.
17:44 of 3rd period - T.J. Tynan wins face-off versus Jordan Martinook in SACRAMENTO BANDITS zone.
18:10 of 3rd period - Tom Wilson is hit by Jordan Martinook and loses puck.
18:44 of 3rd period - Icing by Nick Leddy.
18:45 of 3rd period - Jesperi Kotkaniemi wins face-off versus Nick Schmaltz in BOISE CARIBOUS zone.
18:49 of 3rd period - Off-side.
18:50 of 3rd period - Radek Faksa wins face-off versus Claude Giroux in neutral zone.
18:52 of 3rd period - Minor Penalty to Mattias Ekholm for Hooking.
18:53 of 3rd period - Kyle Turris wins face-off versus Nick Schmaltz in SACRAMENTO BANDITS zone.
18:54 of 3rd period - BOISE CARIBOUS, Alex Stalock is pulled from the net.
19:10 of 3rd period - Shot by Tom Wilson.
19:10 of 3rd period - Stopped by Andrei Vasilevskiy with a rebound.
19:55 of 3rd period - Icing by Jesperi Kotkaniemi.
19:56 of 3rd period - Alex Stalock from BOISE CARIBOUS was sent back in the game.
19:56 of 3rd period - Jesperi Kotkaniemi wins face-off versus Jordan Martinook in BOISE CARIBOUS zone.
Goals for this period are 1 for BOISE CARIBOUS vs 2 for SACRAMENTO BANDITS.
Shots for this period are 9 for BOISE CARIBOUS vs 13 for SACRAMENTO BANDITS.


SEBASTIAN
AHO
MARK
SCHEIFELE
JAKE
OETTINGER

EAST COAST

HOCKEY LEAGUE

  • 17.QUE3CHI2
  • 18.CHA2LIM4
  • 19.TRV3LON2
  • 20.CHW1BAL2
  • 21.PITMAN
  • 22.ATLNHW
  • 23.WORPET
  • 24.RHI